 Dungeon Crawl Stone Soup version 0.30-a0-459-g9104f0fc43 (webtiles) character file.

Game seed: 13106575033910454442

5068 KennySheep the Thaumaturge (level 10, -4/56 HPs)
             Began as a Deep Elf Ice Elementalist on Dec 16, 2022.
             Was a Believer of Kikubaaqudgha.
             Slain by a killer bee (8 damage)
             ... on level 9 of the Dungeon.
             The game lasted 00:36:33 (11354 turns).

KennySheep the Thaumaturge (DEIE)                  Turns: 11354, Time: 00:36:34

Health: -4/56      AC:  7    Str:  2 (5)  XL:     10   Next: 31%
Magic:  25/25      EV: 14    Int: 22 (25) God:    Kikubaaqudgha [**....]
Gold:   111        SH:  7    Dex: 13 (15) Spells: 7/27 levels left

rFire   . . .      SeeInvis +    k - +3 trident (pain)
rCold   . . .      Faith    .    q - +3 buckler of Lolanwall {rN++}
rNeg    + + .      Spirit   .    i - +0 robe
rPois   .          Reflect  .    h - +1 helmet {SInv}
rElec   .          Harm     .    u - +0 cloak
rCorr   .          Rampage  .    v - +1 pair of gloves
Will    +....                    (no boots)
Stlth   ++........               (no amulet)
HPRegen 0.29/turn                z - ring of fire
MPRegen 0.19/turn                C - ring of ice

@: lethally poisoned (-4 -> -17)
A: no striking features
a: Renounce Religion, Unearth Wretches


You were on level 9 of the Dungeon.
You worshipped Kikubaaqudgha.
Kikubaaqudgha was pleased with you.
You visited 2 branches of the dungeon, and saw 10 of its levels.

You collected 348 gold pieces.
You spent 237 gold pieces at shops.

Inventory:

Hand Weapons
 b - a +5 club
 k - a +3 trident of pain (weapon)
Armour
 h - a +1 helmet of see invisible (worn)
 i - a +0 robe (worn)
 q - the +3 buckler of Lolanwall (worn) {rN++}
   (You acquired it on level 7 of the Dungeon)

   rN:        It greatly protects you from negative energy.
 u - a +0 cloak (worn)
 v - a +1 pair of gloves (worn)
Magical Staves
 a - a staff of conjuration
Jewellery
 z - a ring of fire (left hand)
 C - a ring of ice (right hand)
Wands
 o - a wand of charming (16)
 r - a wand of roots (12)
 t - a wand of mindburst (6)
Scrolls
 e - 5 scrolls of teleportation
 j - a scroll of blinking
 m - 2 scrolls of noise
 x - a scroll of brand weapon
 y - 6 scrolls of vulnerability
 A - a scroll of poison
 B - 2 scrolls of torment
 F - a scroll of amnesia
 G - a scroll of identify
 I - a scroll of enchant armour
Potions
 c - a potion of lignification
 d - 4 potions of resistance
 f - a potion of curing
 g - 2 potions of magic
 l - 2 potions of haste
 n - a potion of attraction {unknown}
 p - 2 potions of flight
 w - a potion of mutation {unknown}
 D - a potion of invisibility
 E - a potion of cancellation {unknown}
 H - a potion of degeneration
 J - a potion of berserk rage {unknown}


   Skills:
 - Level 3.8 Fighting
 + Level 3.9 Polearms
 - Level 6.2 Dodging
 - Level 2.4 Stealth
 + Level 2.5 Shields
 + Level 9.3 Spellcasting
 * Level 7.6 Summonings
 - Level 5.3 Necromancy
 - Level 7.4 Ice Magic


You had 7 spell levels left.
You knew the following spells:

 Your Spells              Type           Power      Damage    Failure   Level
a - Freeze                Ice            100%       1d10      1%          1
b - Frozen Ramparts       Ice            100%       1d16      1%          3
c - Ozocubu's Armour      Ice            59%        N/A       1%          3
d - Summon Ice Beast      Ice/Summ       60%        N/A       3%          4
e - Sublimation of Blood  Necr           33%        N/A       1%          2
f - Vampiric Draining     Necr           33%        2d8       2%          3
g - Animate Dead          Necr           33%        N/A       10%         4

Your spell library contained the following spells:

 Spells                   Type           Power      Damage    Failure   Level
 Necrotise                Necr           100%       1d9       1%          1
 Slow                     Hex            40%        N/A       9%          1
 Blink                    Tloc           20%        N/A       13%         2
 Momentum Strike          Conj/Tloc      20%        3d8       13%         2
 Confusing Touch          Hex            10%        N/A       26%         3
 Lesser Beckoning         Tloc           20%        N/A       26%         3
 Summon Forest            Summ/Tloc      13%        N/A       45%         5
 Summon Mana Viper        Hex/Summ       26%        N/A       45%         5
 Summon Cactus Giant      Summ           21%        N/A       50%         6
 Cause Fear               Hex            5%         N/A       65%         4
 Petrify                  Tmut/Erth      10%        N/A       65%         4
 Irradiate                Conj/Tmut      5%         3d13      94%         5
 Dragon Form              Tmut           5%         N/A       100%        7
 Dragon's Call            Summ           21%        N/A       100%        9


Dungeon Overview and Level Annotations

Branches:
Dungeon (9/15)             Temple (1/1) D:4
   Lair: D:8-11         Orc: D:9-12

Altars:
Ashenzari
Cheibriados
Dithmenos
Elyvilon
Fedhas
Gozag
Hepliaklqana
Kikubaaqudgha
Makhleb
Nemelex Xobeh
Okawaru
Qazlal
Ru
Sif Muna
Trog
Uskayaw
Vehumet
Wu Jian
Xom
Yredelemnul
Zin
The Shining One

Shops:
D:4 [   D:6 [   D:8 *   D:9 [

Portals:
Bailey: D:9

Annotations:
D:3 2 transporters
D:6 Sigmund


Message History

There is an open door here.
A killer bee comes into view.
A killer bee comes into view.
The killer bee stings you.
You barely miss the killer bee.
The killer bee stings you but does no damage. x2
The killer bee closely misses you.
A killer bee comes into view.
The killer bee stings you but does no damage.
The killer bee closely misses you.
You miss the killer bee. The killer bee stings you.
You are poisoned.
The killer bee poisons you! You block the killer bee's attack.
The killer bee barely misses you.
The killer bee attacks as you move away!
You block the killer bee's attack.
You feel sick. The killer bee barely misses you. The killer bee stings you.
You are more poisoned.
The killer bee poisons you! You block the killer bee's attack.
The killer bee stings you.
The killer bee attacks as you move away!
The killer bee closely misses you.
The killer bee attacks as you move away!
The killer bee stings you but does no damage.
You feel very sick. The killer bee stings you!
* * * LOW HITPOINT WARNING * * *
You are more poisoned.
The killer bee poisons you! You block the killer bee's attack.
The killer bee stings you but does no damage.
You see here a +0 hand axe.
The killer bee attacks as you move away!
You block the killer bee's attack.
* * * LOW HITPOINT WARNING * * *
You feel very sick. The killer bee stings you.
* * * LOW HITPOINT WARNING * * *
The killer bee closely misses you. The killer bee stings you!
You die...
Kikubaaqudgha rasps: "You have failed me!
Welcome... death!"

*,,,,,,,,* ***∩......##z#...
*,,,,,,,,* *...c...')zzy..
*,,,,,,,,* *.......###.8..
*******,** *##+####* #.... *,*
*#..# ##..8 **,* ######..#*
##.y ***,,* #......#* ##.
*,,,** #..)..#* #.
#####+######.y@).###** #.
#.........##.yy......# *,
#.........##.........# *,
#.........##.#.......# ***,
#......>..#..+.......# *,+,
#.........'.##.......#******,*,
#.........####.......+,,,,,,,*,
#.........# #.......#********,
##+######## ***#+##** *,


You could see 3 killer bees.

Vanquished Creatures
  Edmund (D:6)
  2 water moccasins
  Duvessa (D:5)
  2 ice beasts
  An orc warrior (D:8)
  A sky beast (D:7)
  2 black bears
  3 ogres (D:6)
  4 phantoms
  3 centaurs
  A bullfrog (D:6)
  3 scorpions
  9 wights
  Dowan (D:5)
  16 killer bees
  An electric eel (D:8)
  A hound (D:5)
  An orc priest (D:8)
  A jelly (D:4)
  Crazy Yiuf (D:3)
  2 gnoll boudas
  Jessica (D:2)
  3 iguanas
  Terence (D:2)
  Natasha (thrice) (D:3)
  An orc wizard (D:8)
  8 gnolls
  3 adders
  A shadow imp (D:6)
  2 white imps (D:6)
  2 ufetubi
  3 dart slugs
  15 orcs
  2 ball pythons (D:1)
  9 endoplasms
  4 giant cockroaches
  11 goblins
  7 hobgoblins
  8 kobolds
  5 quokkas
  3 bats
  A frilled lizard (D:2)
  3 rats
153 creatures vanquished.

Vanquished Creatures (collateral kills)
  Joseph (D:7)
  Grinder (D:5)
  Menkaure (D:5)
  A water moccasin (D:7)
  A phantom (D:6)
  A necrophage (D:6)
  3 wights
  A killer bee (D:8)
  An electric eel (D:8)
  A hound (D:5)
  An orc priest (D:8)
  A jelly (D:6)
  A shadow imp (D:7)
  A white imp (D:6)
  An orc (D:8)
17 creatures vanquished.

Vanquished Creatures (others)
  3 killer bee zombies (D:8)
  4 orc zombies (D:8)
  7 plants (D:8)
14 creatures vanquished.

Grand Total: 184 creatures vanquished

Notes
Turn   | Place    | Note
-------+----------+-------------------------------------------
     0 | D:1      | KennySheep the Deep Elf Ice Elementalist began the quest
                  | for the Orb.
     0 | D:1      | Reached XP level 1. HP: 10/10 MP: 6/6
   164 | D:1      | Reached XP level 2. HP: 15/15 MP: 1/8
   326 | D:1      | You fall into a shaft and drop 1 floor!
   502 | D:1      | Reached skill level 5 in Ice Magic
   871 | D:1      | Reached XP level 3. HP: 19/19 MP: 8/10
  1283 | D:2      | Noticed Jessica
  1287 | D:2      | Killed Jessica
  1288 | D:2      | Reached skill level 4 in Spellcasting
  1747 | D:2      | Noticed Terence
  1756 | D:2      | Learned a level 3 spell: Frozen Ramparts
  1760 | D:2      | Learned a level 3 spell: Ozocubu's Armour
  1768 | D:2      | Killed Terence
  1769 | D:2      | Reached XP level 4. HP: 10/24 MP: 8/12
  2091 | D:3      | Found a transporter.
  2159 | D:3      | Noticed Natasha
  2166 | D:3      | Killed Natasha
  2265 | D:3      | Reached skill level 1 in Necromancy
  2398 | D:3      | Found a transporter.
  2516 | D:3      | Noticed Natasha
  2525 | D:3      | Killed Natasha
  2526 | D:3      | Reached XP level 5. HP: 24/28 MP: 10/13
  2661 | D:3      | Found a runed translucent door.
  2662 | D:3      | Noticed Crazy Yiuf
  2672 | D:3      | Killed Crazy Yiuf
  2959 | D:3      | Noticed Natasha
  3067 | D:3      | Killed Natasha
  3206 | D:4      | Found Keifi Suir's Armour Emporium.
  3227 | D:4      | Bought a +1 pair of gloves for 126 gold pieces
  3250 | D:4      | Noticed a phantom
  3293 | D:4      | Killed a phantom
  3294 | D:4      | Reached skill level 5 in Spellcasting
  3294 | D:4      | Reached XP level 6. HP: 9/32 MP: 3/15
  3766 | D:4      | Found a staircase to the Ecumenical Temple.
  3798 | Temple   | Entered the Ecumenical Temple
  4002 | Temple   | Became a worshipper of Kikubaaqudgha
  4351 | D:4      | Found a sparkling altar of Nemelex Xobeh.
  4613 | D:5      | Entered Level 5 of the Dungeon
  4635 | D:5      | Noticed Duvessa
  4636 | D:5      | Noticed Dowan
  4646 | D:5      | Reached XP level 7. HP: 33/36 MP: 10/17
  4649 | D:5      | Killed Duvessa
  4650 | D:5      | Reached skill level 6 in Spellcasting
  4654 | D:5      | Killed Dowan
  4655 | D:5      | Reached skill level 1 in Fighting
  4865 | D:5      | Reached skill level 1 in Polearms
  5244 | D:5      | Noticed Grinder
  5251 | D:5      | Learned a level 4 spell: Summon Ice Beast
  5300 | D:5      | Paralysed by Grinder for 3 turns
  5307 | D:5      | Killed Grinder
  5308 | D:5      | Reached skill level 1 in Summonings
  5308 | D:5      | Reached XP level 8. HP: 28/44 MP: 1/20
  5858 | D:5      | Noticed Menkaure
  5874 | D:5      | Killed Menkaure
  5875 | D:5      | Reached skill level 7 in Spellcasting
  5966 | D:5      | Identified the +2 leather armour of Ennui {rF+ rC+ Regen+}
  6206 | D:6      | Reached skill level 5 in Necromancy
  6952 | D:6      | Noticed Edmund
  6961 | D:6      | Killed Edmund
  6961 | D:6      | Reached * piety under Kikubaaqudgha
  6961 | D:6      | Received a gift from Kikubaaqudgha
  6969 | D:6      | Learned a level 2 spell: Sublimation of Blood
  6973 | D:6      | Learned a level 3 spell: Vampiric Draining
  6978 | D:6      | Learned a level 4 spell: Animate Dead
  7141 | D:6      | Reached skill level 5 in Dodging
  7141 | D:6      | Reached XP level 9. HP: 40/49 MP: 16/22
  7252 | D:6      | HP: 1/49 [white imp/puff of frost (8)]
  7627 | D:6      | Found Myblao Oruw's Antique Armour Shop.
  7760 | D:6      | Noticed Sigmund
  8149 | D:7      | Noticed Joseph
  8163 | D:7      | Killed Joseph
  8164 | D:7      | Reached skill level 8 in Spellcasting
  8164 | D:7      | Reached skill level 5 in Summonings
  8223 | D:7      | Identified a scroll of acquirement
  8225 | D:7      | Acquired the +3 buckler of Lolanwall {rN++}
  8277 | D:7      | Found a stormy altar of Qazlal.
  8398 | D:7      | Reached skill level 1 in Shields
  8919 | D:7      | Reached ** piety under Kikubaaqudgha
  9419 | D:8      | Reached XP level 10. HP: 56/56 MP: 16/24
 10038 | D:8      | Found Tuemnuy's Assorted Antiques.
 10064 | D:8      | Reached skill level 9 in Spellcasting
 10358 | D:8      | Bought 2 metallic silvery potions for 54 gold pieces
 10358 | D:8      | Bought a fuming silvery potion for 27 gold pieces
 10358 | D:8      | Bought a scroll labelled VUDOUPREYCK for 30 gold pieces
 10826 | D:8      | Identified the +7 mace of the End {elec, Str+5 Int-3}
 11333 | D:9      | Found Icazupuh's Armour Emporium.
 11346 | D:9      | Found a flagged portal.
 11354 | D:9      | Slain by a killer bee

Illustrated notes

Levels and vault maps discovered:
D:1:      wander_arrival_desolate, layout_loops_ring, kennysheep_pointless_box,
          st_stairs_3, hex_medium, minmay_misc_feat_alley
D:2:      layout_loops_corners, uniq_jessica, uniq_terence
D:3:      gammafunk_steamed_eel, layout_loops_ring, uniq_crazy_yiuf_cottage,
          uniq_natasha
D:4:      layout_basic, nemelex_dance_club_becter,
          minmay_temple_entry_antechambers, serial_shops, nicolae_stop_n_shop_1,
          minmay_goblin_outpost
D:5:      layout_loops_ring, hangedman_abyss_or_decor_jellyfish_corner,
          amcnicky_mini_rare_corridor_liquid, serial_park_tiny_pond,
          uniq_menkaure, uniq_grinder, uniq_duvessa
D:6:      layout_loops_corners, serial_shops, nicolae_shop_hallway_stairs,
          hangedman_decor_growths, amcnicky_mini_pool_medium, uniq_sigmund,
          uniq_edmund
D:7:      layout_loops_cross, mainiacjoe_overflow_paths, uniq_joseph
D:8:      layout_basic, serial_shops, nicolae_square_shop, serial_bayou_lagoon_b
D:9:      layout_roguey, enter_bailey_2, serial_shops, shop, eino_tiny_chamber,
          grunt_ministairs_9, minmay_quadrilaterals
Temple:   nicolae_temple_slightly_damp_pantheon

Skill      XL: |  1  2  3  4  5  6  7  8  9 10 |
---------------+-------------------------------+-----
Ice Magic      | 5 6 7 |  7.4
Spellcasting   | 4 5 6 7 8 9 |  9.3
Necromancy     | 1 2 3 4 5 |  5.3
Fighting       | 1 2 3 |  3.8
Dodging        | 3 5 6 |  6.2
Polearms       | 1 2 3 |  3.9
Summonings     | 1 4 6 7 |  7.6
Shields        | 1 2 |  2.5
Stealth        | |  2.4

Action                   |  1- 3 |  4- 6 |  7- 9 | 10-12 || total
-------------------------+-------+-------+-------+-------++-------
Melee: Unarmed           |     8 |       |       |       ||     8
       Club              |     8 |       |       |       ||     8
       Trident           |       |   126 |   220 |    78 ||   424
       Punch             |       |       |     3 |       ||     3
 Cast: Freeze            |    40 |    35 |    15 |       ||    90
       Frozen Ramparts   |     1 |     2 |    16 |     5 ||    24
       Ozocubu's Armour  |       |     2 |     4 |     2 ||     8
       Summon Ice Beast  |       |       |    16 |     1 ||    17
       Vampiric Draining |       |       |     3 |       ||     3
       Animate Dead      |       |       |     1 |       ||     1
  Use: Potion            |     2 |     2 |     1 |     7 ||    12
       Scroll            |     1 |     1 |     6 |     8 ||    16
 Stab: Sleeping          |       |     3 |     4 |       ||     7
       Distracted        |       |     2 |     1 |       ||     3
Armor: Robe              |     8 |    53 |    69 |    21 ||   151
Dodge: Dodged            |    24 |    78 |   167 |    59 ||   328
Block: Buckler           |       |       |    32 |    46 ||    78

Table legend: (Time is in decaauts)
 A = Elapsed time spent in this place.
 B = Non-inter-level travel time spent in this place.
 C = Inter-level travel time spent in this place.
 D = Time resting spent in this place.
 E = Time spent auto-exploring this place.
 F = Levels seen in this place.
 G = Mean time per level.
                   A        B        C        D        E       F      G
               +--------+--------+--------+--------+--------+-----+--------+
         Total |  11464 |  10982 |    482 |   2765 |   6480 |  10 | 1146.4 |
       Dungeon |  11240 |  10776 |    464 |   2765 |   6328 |   9 | 1248.9 |
        Temple |    223 |    205 |     18 |      0 |    152 |   1 |  223.0 |
               +--------+--------+--------+--------+--------+-----+--------+

Top non-repeatable levels by time:
     D:6: 2099 daAuts
     D:8: 1952 daAuts
     D:5: 1468 daAuts
     D:7: 1269 daAuts
     D:4: 1192 daAuts
     D:3: 1132 daAuts
     D:1: 1095 daAuts
     D:2: 996 daAuts
  Temple: 223 daAuts
     D:9: 33 daAuts
